 Dungeon Crawl Stone Soup version 0.17-a0-1642-gd4b747b (webtiles) character file.

220 ithil the Ducker (level 5, -1/50 HPs)
             Began as a Deep Dwarf Berserker on Aug 8, 2015.
             Was a Believer of Trog.
             Slain by a gnoll
             ... wielding a +0 halberd
              (14 damage)
             ... on level 4 of the Dungeon.
             The game lasted 00:28:24 (3092 turns).

ithil the Ducker (Deep Dwarf Berserker)             Turns: 3092, Time: 00:28:24

Health: -1/50      AC:  4    Str: 22    XL:     5   Next: 64%
Magic:  0/5        EV: 13    Int:  7    God:    Trog [**....]
Gold:   283        SH:  0    Dex: 12    Spells: 0 memorised, 4 levels left

rFire  . . .     SeeInvis .     a - +1 mace
rCold  . . .     Clarity  .     j - +0 leather armour
rNeg   . . .     SustAt   .     (no shield)
rPois  .         Gourm    .     n - +0 helmet
rElec  .         Spirit   +     (no cloak)
rCorr  .         Warding  .     (no gloves)
rMut   .         Stasis   .     (no boots)
MR     .....                    C - amulet of guardian spirit
Stlth  +.........               (no ring)
                                (no ring)

@: non-regenerating, not resistant to hostile enchantments, very unstealthy
A: damage resistance, recharge devices, sense surroundings 1, slow healing 3
a: Device Recharging, Burn Spellbooks, Berserk, Trog's Hand, Renounce Religion


You were on level 4 of the Dungeon.
You worshipped Trog.
Trog was pleased with you.
You were hungry.

You visited 1 branch of the dungeon, and saw 4 of its levels.

You collected 283 gold pieces.

Inventory:

Hand weapons
 a - a +1 mace (weapon)
 i - a +0 club
 l - a +0 dagger
 o - a +0 dagger
 t - a +0 whip
 v - a +0 hunting sling
Missiles
 h - 170 stones (quivered)
 s - 16 sling bullets
Armour
 b - a +0 animal skin
 e - a +0 robe
 j - a +0 leather armour (worn)
 n - a +0 helmet (worn)
 q - a cursed +0 robe
 u - a cursed +0 robe
 x - a +1 helmet
 z - a +0 leather armour
 E - a +0 robe
 L - a +0 robe
 M - a +0 ring mail
 N - a +0 chain mail
Jewellery
 C - an amulet of guardian spirit (around neck)
 J - an uncursed ring of protection from cold {unknown}
 K - a cursed ring of teleportation {unknown}
Magical devices
 c - a wand of heal wounds (2)
Scrolls
 p - 2 scrolls of identify
 y - 4 scrolls of remove curse
 D - a scroll of random uselessness {unknown}
 I - a scroll of teleportation
Potions
 f - a potion of invisibility {unknown}
 g - 2 potions of flight
 m - 2 potions of agility
 r - 2 potions of brilliance {unknown}
 w - a potion of lignification {unknown}
 A - a potion of mutation {unknown}
 G - a potion of might {unknown}
 H - a potion of curing
Comestibles
 d - 5 bread rations
 k - a fruit
 B - 2 meat rations
 F - 8 chunks of flesh


   Skills:
 + Level 3.9 Fighting
 + Level 3.7 Maces & Flails
 + Level 0.3 Throwing
 + Level 2.6 Armour
 + Level 4.4 Dodging
 + Level 1.0 Stealth
 + Level 0.3 Evocations


You had 4 spell levels left.
You didn't know any spells.

Dungeon Overview and Level Annotations

Branches:
Dungeon (4/15)
 Temple: D:4-7

Altars:
Ashenzari
Dithmenos
Trog
Yredelemnul


Innate Abilities, Weirdness & Mutations

You are resistant to damage.
You can recharge devices by infusing magical energy.
You passively map a small area around you.
You do not heal naturally.


Message History

The gnoll closely misses you.
You closely miss the gnoll. The gnoll barely misses you.
The gnoll hits you from afar with a halberd.
You hit the gnoll.
The gnoll is lightly wounded.
The gnoll misses you.
The gnoll hits you from afar with a halberd.
You hit the gnoll.
The gnoll is moderately wounded.
The gnoll barely misses you. x2
The gnoll hits you with a whip.
You hit the gnoll but do no damage.
The gnoll is moderately wounded.
The gnoll closely misses you. The gnoll barely misses you.
You hit the gnoll but do no damage.
The gnoll is moderately wounded.
The gnoll hits you with a whip.
* * * LOW HITPOINT WARNING * * *
The gnoll hits you from afar with a halberd!
You die...

* ###. #.# * , , ##.##
#.< * #.#### #...# ###
.....# #...# #.. * ,, #
#.##.# #...# #.# ,
#.##(##.######...#####.#
##.#.g##.##.........>.#)#
*
.....#................).
,
#<#..#g@##...........#..
*#....g..####......######
* ........#### #.#....#
#..###..# #.#....# #,
..#.# #)#....## #.#..#
#.......# #. #.#
#.##.##.# . ,..# * #.##.#
.# , ## ### *........# ,.


You could see 2 gnolls.

Vanquished Creatures
  A hound (D:4)
  An orc wizard (D:4)
  4 gnolls
  6 adders
  4 worms
  A giant gecko (D:3)
  7 orcs
  A ball python (D:3)
  11 bats
  5 giant cockroaches (D:1)
  4 goblins
  6 hobgoblins
  2 jackals (D:3)
  3 kobolds
  3 giant newts
  4 rats
  4 fungi (D:1)
67 creatures vanquished.

Notes
Turn   | Place    | Note
--------------------------------------------------------------
     0 | D:1      | ithil the Deep Dwarf Berserker began the quest for the Orb.
     0 | D:1      | Reached XP level 1. HP: 20/20 MP: 1/1
   288 | D:1      | Reached XP level 2. HP: 26/28 MP: 2/2
   697 | D:1      | Acquired Trog's second power
   854 | D:2      | Reached XP level 3. HP: 25/34 MP: 3/3
   864 | D:2      | Found a faded altar to an unknown god.
  1052 | D:2      | Reached skill level 1 in Stealth
  1344 | D:2      | Reached XP level 4. HP: 39/42 MP: 4/4
  1530 | D:2      | Found a shattered altar of Ashenzari.
  2243 | D:3      | Found a basalt altar of Yredelemnul.
  2251 | D:3      | Found a bloodstained altar of Trog.
  2261 | D:3      | Found a shadowy altar of Dithmenos.
  2891 | D:3      | Reached XP level 5. HP: 45/50 MP: 0/5
  3009 | D:4      | Reached skill level 4 in Dodging
  3092 | D:4      | Slain by a gnoll

Vault maps used:
D:1:      dpeg_arrival_prison
D:2:      nicolae_ashenzari_panopticon, ecumenical_altar_1
D:3:      grunt_temple_overflow_diamond, hangedman_decor_clover_reticule,
          minmay_misc_feat_rugged
D:4:      nicolae_overflow_crystal_walls, kennysheep_mini, first_bread

Action                   |  1- 3 |  4- 6 || total
-------------------------+-------+-------++-------
Melee: Mace              |   165 |   159 ||   324
Throw: Stone             |     1 |    12 ||    13
Evoke: Wand              |     1 |     5 ||     6
  Use: Potion            |     2 |       ||     2
       Scroll            |     1 |     7 ||     8
 Stab: Sleeping          |     2 |       ||     2
  Eat: Chunk             |     1 |     5 ||     6
       Fruit             |       |     1 ||     1
